 Dungeon Crawl Stone Soup version 0.30-a0-799-g109b55a442 (webtiles) character file.

Game seed: 10299388951131833796

318 dolemite99 the Skirmisher (level 6, -4/49 (50) HPs)
             Began as a Minotaur Hunter on Feb 21, 2023.
             Killed from afar by Dowan (11 damage)
             ... with a shard of ice
             ... on level 4 of the Dungeon.
             The game lasted 00:03:00 (2663 turns).

dolemite99 the Skirmisher (Minotaur Hunter)         Turns: 2663, Time: 00:03:00

HP:   -4/49 (50)    AC:  4    Str: 16    XL:     6   Next: 21%
MP:   5/5           EV: 12    Int:  6    God:
Gold: 103           SH:  0    Dex: 15    Spells: 5/5 levels left

rFire   . . .      SeeInvis .    a - +1 shortbow
rCold   . . .      Faith    .    (shield currently unavailable)
rNeg    . . .      Spirit   .    c - +0 leather armour
rPois   .          Reflect  .    (helmet restricted)
rElec   .          Harm     .    (no cloak)
rCorr   .          Rampage  .    (no gloves)
Will    .....                    e - +0 pair of boots
Stlth   +                        (no amulet)
HPRegen 0.28/turn                (no ring)
MPRegen 0.09/turn                (no ring)

@: lit by a corona, glowing, lightly drained
A: horns 2, retaliatory headbutt
a: no special abilities


You were on level 4 of the Dungeon.
You visited 1 branch of the dungeon, and saw 4 of its levels.

You collected 103 gold pieces.

Inventory:

Hand Weapons
 a - a +1 shortbow (weapon)
 d - a +0 long sword
 g - a +0 war axe
Armour
 c - a +0 leather armour (worn)
 e - a +0 pair of boots (worn)
Scrolls
 b - a scroll of immolation
 j - 4 scrolls of magic mapping
Potions
 h - a potion of flight
 i - 3 potions of might


   Skills:
 - Level 2.4 Fighting
 + Level 8.3 Ranged Weapons
 - Level 2.1 Dodging
 - Level 0.7 Stealth


You had 5 spell levels left.
You didn't know any spells.
Your spell library contained the following spells:

 Spells                   Type           Power      Damage    Failure   Level
 Stone Arrow              Conj/Erth      0%         3d7       88%         3
 Animate Armour           Summ/Erth      0%         N/A       99%         4
 Lehudib's Crystal Spear  Conj/Erth      0%         10d2      100%        8


Dungeon Overview and Level Annotations

Branches:
Dungeon (4/15)
 Temple: D:4-7

Altars:

Annotations:
D:4 Dowan


Innate Abilities, Weirdness & Mutations

You have a pair of horns on your head.
You reflexively headbutt those who attack you in melee.


Message History

Aim: Duvessa, wielding a +0 short sword and wearing a +0 leather armour (almost dead, fast, 68% to hit)
You shoot an arrow.
The arrow hits Duvessa but does no damage.
Duvessa is almost dead.
Dowan says, "Stay away from my face!"
Fire: a) +1 shortbow
Press: ? - help, Q - select action Shift-Dir - straight line, f/p - Duvessa
Aim: Duvessa, wielding a +0 short sword and wearing a +0 leather armour (almost dead, fast, 68% to hit)
You shoot an arrow. The arrow closely misses Duvessa.
Fire: a) +1 shortbow
Press: ? - help, Q - select action Shift-Dir - straight line, f/p - Duvessa
Aim: Duvessa, wielding a +0 short sword and wearing a +0 leather armour (almost dead, fast, 68% to hit)
You shoot an arrow. The arrow hits Duvessa.
Duvessa is almost dead.
Duvessa hits you with a +0 short sword! x2
Fire: a) +1 shortbow
Press: ? - help, Q - select action Shift-Dir - straight line, f/p - Duvessa
Aim: Duvessa, wielding a +0 short sword and wearing a +0 leather armour (almost dead, fast, 68% to hit)
You shoot an arrow. The arrow hits Duvessa.
You kill Duvessa!
Dowan screams, "No!
No!"
Dowan seems to find hidden reserves of power!
Dowan hits you with a +1 dagger of draining.
* * * LOW HITPOINT WARNING * * *
You feel drained.
Your life force feels restored.
Your Ranged Weapons skill increases to level 8!
You have reached level 6!
Fire: a) +1 shortbow
Press: ? - help, Q - select action Shift-Dir - straight line, f - Dowan
Aim: Dowan, wielding a +1 dagger of draining and wearing a +0 robe (moderately wounded, fast, 56% to hit)
You shoot an arrow. The arrow hits Dowan!
Dowan is heavily wounded.
Dowan hits you with a +1 dagger of draining.
* * * LOW HITPOINT WARNING * * *
You feel drained.
* * * LOW HITPOINT WARNING * * *
Dowan casts a spell at you. The shard of ice hits you!
You die...

#,,..# *,# ##+## #.# #.##.###.#
##...## #.### #........#
##.....## ##....
***#<.##**##.......## ##.###.
#######...####.........####.e....
.............+.........'...e.####
#######...####.........####..#
#.........###.)e....## #..#
#.###.###.# ##@....## #..#
#.##...##.# ##..[## #..#
#.##...##.# ##'## #..#
#.##...##.# #.# ##.#***
#.###.###.# #.# #...$.
#.........# ##.## **##.#
#####.##### ##...## *,* #.#
#.....# *,* #.# ##...## *,*


You could see Dowan (fast).

Vanquished Creatures
  Duvessa (D:4)
  An orc priest (D:3)
  Jessica (D:2)
  An orc wizard (D:3)
  5 adders
  A worm (D:2)
  2 dart slugs
  3 orcs (D:3)
  4 ball pythons
  4 endoplasms
  3 giant cockroaches
  8 goblins
  10 hobgoblins
  3 jackals (D:3)
  8 kobolds
  6 quokkas
  9 bats
  3 frilled lizards
  4 rats
77 creatures vanquished.

Notes
Turn   | Place    | Note
-------+----------+-------------------------------------------
     0 | D:1      | dolemite99 the Minotaur Hunter began the quest for the Orb.
     0 | D:1      | Reached XP level 1. HP: 18/18 MP: 0/0
    67 | D:1      | You fall into a shaft and drop 1 floor!
   236 | D:2      | Noticed Jessica
   253 | D:2      | Reached XP level 2. HP: 25/25 MP: 1/1
   258 | D:2      | Killed Jessica
   259 | D:2      | Reached skill level 5 in Ranged Weapons
   259 | D:2      | Reached XP level 3. HP: 6/30 MP: 2/2
   784 | D:2      | Reached skill level 6 in Ranged Weapons
   918 | D:1      | Reached XP level 4. HP: 33/37 MP: 3/3
  1832 | D:3      | Reached skill level 7 in Ranged Weapons
  1832 | D:3      | Reached XP level 5. HP: 36/42 MP: 4/4
  2625 | D:4      | Noticed Dowan
  2626 | D:4      | Noticed Duvessa
  2662 | D:4      | Killed Duvessa
  2663 | D:4      | Reached skill level 8 in Ranged Weapons
  2663 | D:4      | Reached XP level 6. HP: 13/50 MP: 5/5
  2663 | D:4      | Killed from afar by Dowan

Illustrated notes

Levels and vault maps discovered:
D:1:      ncdulo_watergridlock, layout_basic, minmay_tromino_v4_a
D:2:      layout_loops_ring, uniq_jessica
D:3:      layout_basic
D:4:      layout_loops_corners, gammafunk_temple_overflow_wave,
          kennysheep_generic_room_13, uniq_duvessa

Skill      XL: |  1  2  3  4  5 |
---------------+----------------+-----
Ranged Weapons | 5 6 7 8 |  8.3
Fighting       | |  2.4
Dodging        | |  2.1
Stealth        | |  0.7

Action                     |  1- 3 |  4- 6 || total
---------------------------+-------+-------++-------
   Fire: Shortbow          |    72 |   119 ||   191
    Use: Potion            |     1 |     2 ||     3
         Scroll            |       |     9 ||     9
 Armour: Leather armour    |     8 |    17 ||    25
  Dodge: Dodged            |    23 |    25 ||    48

Table legend: (Time is in decaauts)
 A = Elapsed time spent in this place.
 B = Non-inter-level travel time spent in this place.
 C = Inter-level travel time spent in this place.
 D = Time resting spent in this place.
 E = Time spent auto-exploring this place.
 F = Levels seen in this place.
 G = Mean time per level.
                   A        B        C        D        E       F      G
               +--------+--------+--------+--------+--------+-----+--------+
         Total |   2706 |   2633 |     73 |    241 |   1846 |   4 |  676.5 |
       Dungeon |   2706 |   2633 |     73 |    241 |   1846 |   4 |  676.5 |
               +--------+--------+--------+--------+--------+-----+--------+

Top non-repeatable levels by time:
     D:3: 1068 daAuts
     D:2: 912 daAuts
     D:1: 603 daAuts
     D:4: 121 daAuts
